 Dungeon Crawl Stone Soup version 0.31-a0-246-g8cbcc1cb85 (webtiles) character file.

Game seed: 14280711292201441698

617 qw the Shooter (level 7, -2/44 HPs)
             Began as a Gargoyle Hexslinger on July 12, 2023.
             Was an Initiate of Okawaru.
             Slain by a gnoll
             ... wielding a +0 flail
             ... led by a gnoll bouda
              (7 damage)
             ... on level 5 of the Dungeon.
             The game lasted 00:01:38 (3865 turns).

qw the Shooter (Gargoyle Hexslinger)                Turns: 3865, Time: 00:01:39

Health: -2/44      AC: 11    Str: 17    XL:     7   Next: 45%
Magic:  8/8        EV: 11    Int: 14    God:    Okawaru [......]
Gold:   216        SH:  0    Dex: 14    Spells: 7/8 levels left

rFire   . . .        Y - +2 sling
rCold   . . .        (no shield)
rNeg    + . .        e - +0 ring mail
rPois   inf          (no helmet)
rElec   +            (no cloak)
rCorr   .            i - +0 pair of gloves
SInv    .            (no boots)
Will    .....        (no amulet)
Stlth   +            b - +6 ring of strength
HPRegen 0.27/turn    (no ring)
MPRegen 0.11/turn

%: no passive effects
@: about to teleport
A: sickness immunity, AC +4, negative energy resistance 1, electricity
resistance, torment resistance 1, petrification resistance
a: Renounce Religion


You were on level 5 of the Dungeon.
You worshipped Okawaru.
Okawaru was noncommittal.
You visited 1 branch of the dungeon, and saw 5 of its levels.

You collected 216 gold pieces.


Innate Abilities, Weirdness & Mutations

You are immune to sickness and miasma.
Your stone body is resilient. (AC +4)
You are immune to poison.
You resist negative energy. (rN+)
You are resistant to electric shocks. (rElec)
You are resistant to unholy torment.
You are immune to petrification.


   Skills:
 - Level 4.6 Fighting
 + Level 6.4 Ranged Weapons
 - Level 1.6 Armour
 - Level 1.5 Dodging
 - Level 1.0 Spellcasting
 - Level 2.6 Hexes
 - Level 0.9 Invocations


You had 7 spell levels left.
You knew the following spells:

 Your Spells              Type           Power      Damage    Failure   Level
a - Slow                  Hex            32%        N/A       16%         1

Your spell library contained the following spells:

 Spells                   Type           Power      Damage    Failure   Level
 Inner Flame              Hex/Fire       4%         N/A       63%         3
 Portal Projectile        Hex/Tloc       8%         N/A       63%         3
 Cause Fear               Hex            4%         N/A       83%         4

Inventory:

Hand Weapons
 Y - a +2 sling (weapon)
Armour
 e - a +0 ring mail (worn)
 i - a +0 pair of gloves (worn)
Jewellery
 b - a +6 ring of strength (left hand)
 k - a ring of resist corrosion
Scrolls
 h - a scroll of identify
Potions
 a - a potion of mutation
 c - a potion of magic
 d - a potion of curing
 g - a potion of haste
 j - a potion of lignification {unknown}

Dungeon Overview and Level Annotations

Branches:
Dungeon (5/15)
 Temple: D:4-7

Altars:
Cheibriados
Hepliaklqana
Makhleb
Okawaru
Uskayaw


Message History

Okawaru accepts your kill.
The gnoll is no longer moving quickly.
The gnoll hits you but does no damage.
The gnoll bouda hits you with a +0 whip.
The gnoll hits you but does no damage.
You shoot a sling bullet. The sling bullet hits the gnoll bouda.
The gnoll bouda is lightly wounded.
The gnoll is no longer moving quickly.
The gnoll bouda hits you with a +0 whip.
The gnoll closely misses you.
The gnoll bouda barks out a call to the hunt!
The gnolls pick up the pace!
You shoot a sling bullet. The sling bullet hits the gnoll bouda.
The gnoll bouda is lightly wounded.
The gnoll hits you with a +0 whip. The gnoll bouda barely misses you.
You shoot a sling bullet.
The sling bullet hits the gnoll bouda but does no damage.
The gnoll bouda is lightly wounded.
The gnoll hits you but does no damage. The gnoll bouda barely misses you.
You shoot a sling bullet. The sling bullet hits the gnoll bouda.
The gnoll bouda is lightly wounded.
The gnoll barely misses you.
You shoot a sling bullet. The sling bullet hits the gnoll bouda.
The gnoll bouda is moderately wounded.
The gnoll hits you but does no damage. The gnoll barely misses you.
The gnoll bouda hits you but does no damage.
You shoot a sling bullet.
The sling bullet closely misses the gnoll bouda.
The gnoll closely misses you. The gnoll hits you with a +0 flail!
The gnoll bouda hits you but does no damage.
The gnoll hits you with a +0 whip. The gnoll hits you with a +0 flail!
3864 ||| READING scroll of teleportation.
As you read the scroll of teleportation, it crumbles to dust.
You feel strangely unstable.
The gnoll bouda hits you but does no damage.
The gnoll hits you but does no damage. The gnoll misses you.
You shoot a sling bullet. The sling bullet hits the gnoll bouda.
The gnoll bouda is heavily wounded.
The gnoll bouda barely misses you. The gnoll closely misses you.
The gnoll hits you with a +0 flail!
You die...

#..# #.. #.. #.. ## #.#
.. #.# .###
#.#####g##### ..#
#.....g@g...# #.########
#...........###.##......
#...............)%.#####
#...........###.#### #
#...........# #.# ###
#.########### #.######..
# #.##.....#
###.....####
........####


You could see a gnoll bouda and 2 gnolls.

Vanquished Creatures
  A water moccasin (D:5)
  An ice beast (D:4)
  2 hounds (D:4)
  An orc priest (D:2)
  2 sleepcaps (D:4)
  2 iguanas (D:5)
  2 orc wizards
  4 gnolls
  4 adders
  2 white imps (D:5)
  A worm (D:3)
  3 dart slugs
  4 orcs
  6 endoplasms
  5 giant cockroaches
  8 goblins
  5 hobgoblins
  5 kobolds
  7 quokkas
  6 ball pythons
  6 bats
  3 frilled lizards
  3 rats
83 creatures vanquished.

Notes
Turn   | Place    | Note
-------+----------+-------------------------------------------
     0 | D:1      | qw the Gargoyle Hexslinger began the quest for the Orb.
     0 | D:1      | Reached XP level 1. HP: 12/12 MP: 2/2
     0 | D:1      | 0 ||| qw: Version: 0.3-a-52-g30416fa
     0 | D:1      | 0 ||| qw: Game counter: 6450
     0 | D:1      | 0 ||| qw: Melee chars always use a shield: true
     0 | D:1      | 0 ||| qw: God list: Okawaru
     0 | D:1      | 0 ||| qw: Allow faded altars: false
     0 | D:1      | 0 ||| qw: Do Orc after clearing Dungeon:15 true
     0 | D:1      | 0 ||| qw: Do second Lair branch before Depths: true
     0 | D:1      | 0 ||| qw: Lair rune preference: random
     0 | D:1      | 0 ||| qw: Goals: Normal
     0 | D:1      | 0 ||| PLANNING D:1-11
    83 | D:1      | Found a faded altar of an unknown god.
    88 | D:1      | Reached XP level 2. HP: 16/16 MP: 3/3
   134 | D:1      | Reached skill level 3 in Ranged Weapons
   139 | D:1      | Reached XP level 3. HP: 17/20 MP: 4/4
   506 | D:1      | 506 ||| UPGRADING to +0 leather armour.
   516 | D:1      | 516 ||| DROPPING +0 robe.
   517 | D:1      | 517 ||| READING scroll labelled HONWUCRYOR.
   518 | D:1      | 518 ||| READING scroll labelled MIFADU FELO.
   519 | D:1      | 519 ||| READING 2 scrolls labelled NUWARORGHOR.
   520 | D:1      | 520 ||| READING scroll labelled JIOTOO SYVOASUIT.
   521 | D:1      | 521 ||| DROPPING scroll of poison.
   780 | D:2      | Reached XP level 4. HP: 26/26 MP: 5/5
   847 | D:2      | Reached skill level 4 in Ranged Weapons
  1477 | D:2      | 1477 ||| UPGRADING to +0 ring mail.
  1487 | D:2      | 1487 ||| DROPPING +0 leather armour.
  1488 | D:2      | 1488 ||| UPGRADING to +6 ring of strength.
  1489 | D:2      | 1489 ||| DROPPING ring of magical power.
  1490 | D:2      | 1490 ||| READING 3 scrolls of identify.
  1490 | D:2      | 1490 ||| IDENTIFYING metallic green potion
  1491 | D:2      | 1491 ||| READING 2 scrolls of identify.
  1491 | D:2      | 1491 ||| IDENTIFYING amethyst potion
  1492 | D:2      | 1492 ||| DROPPING potion of magic.
  1515 | D:3      | 1515 ||| STAIRDANCE
  1556 | D:3      | 1556 ||| STAIRDANCE
  1573 | D:3      | Reached skill level 1 in Armour
  1573 | D:3      | Reached XP level 5. HP: 30/30 MP: 6/6
  1574 | D:3      | 1574 ||| STAIRDANCE
  1578 | D:2      | HP: 5/30 [something/magic dart (6)]
  1583 | D:2      | HP: 6/30 [something (1)]
  1681 | D:3      | 1681 ||| STAIRDANCE
  1735 | D:3      | 1735 ||| STAIRDANCE
  1738 | D:2      | HP: 4/30 [orc priest/divine providence (13)]
  1743 | D:2      | Reached skill level 5 in Ranged Weapons
  2001 | D:3      | Found a hazy altar of Hepliaklqana.
  2211 | D:3      | Found an iron altar of Okawaru.
  2212 | D:3      | 2212 ||| PLANNING OKAWARU WORSHIP
  2212 | D:3      | 2212 ||| DROPPING amulet of magic regeneration.
  2213 | D:3      | 2213 ||| READING scroll labelled MASCHY EM TUPP.
  2217 | D:3      | 2217 ||| DRINKING 2 fuming clear potions.
  2218 | D:3      | 2218 ||| READING 2 scrolls of identify.
  2218 | D:3      | 2218 ||| IDENTIFYING bubbling red potion
  2219 | D:3      | 2219 ||| DROPPING potion of degeneration.
  2258 | D:3      | Became a worshipper of Warmaster Okawaru
  2259 | D:3      | 2259 ||| PLANNING D:1-11
  2321 | D:4      | Reached skill level 3 in Fighting
  2363 | D:4      | Reached XP level 6. HP: 29/37 MP: 7/7
  2537 | D:4      | Noticed an ice beast
  2553 | D:4      | Killed an ice beast
  2700 | D:4      | Reached skill level 6 in Ranged Weapons
  2724 | D:4      | Reached * piety under Okawaru
  3080 | D:4      | Found a burning altar of Makhleb.
  3082 | D:4      | Found a snail-covered altar of Cheibriados.
  3112 | D:4      | 3112 ||| READING scroll labelled ONAOFO KOALLIA.
  3113 | D:4      | 3113 ||| READING scroll labelled GEOBRO GUES.
  3214 | D:4      | 3214 ||| DRINKING 2 bubbling inky potions.
  3249 | D:5      | Entered Level 5 of the Dungeon
  3253 | D:5      | 3253 ||| STAIRDANCE
  3356 | D:5      | 3356 ||| INVOKING Heroism.
  3417 | D:5      | Noticed a water moccasin
  3423 | D:5      | Killed a water moccasin
  3424 | D:5      | Reached XP level 7. HP: 20/44 MP: 8/8
  3424 | D:5      | 3424 ||| INVOKING Heroism.
  3430 | D:5      | 3430 ||| FLEEEEING.
  3431 | D:5      | 3431 ||| FLEEEEING.
  3432 | D:5      | 3432 ||| FLEEEEING.
  3433 | D:5      | 3433 ||| FLEEEEING.
  3434 | D:5      | 3434 ||| FLEEEEING.
  3435 | D:5      | 3435 ||| FLEEEEING.
  3436 | D:5      | 3436 ||| FLEEEEING.
  3437 | D:5      | 3437 ||| FLEEEEING.
  3438 | D:5      | 3438 ||| FLEEEEING.
  3439 | D:5      | 3439 ||| FLEEEEING.
  3440 | D:5      | 3440 ||| FLEEEEING.
  3441 | D:5      | 3441 ||| FLEEEEING.
  3442 | D:5      | 3442 ||| FLEEEEING.
  3443 | D:5      | 3443 ||| FLEEEEING.
  3444 | D:5      | 3444 ||| FLEEEEING.
  3445 | D:5      | 3445 ||| FLEEEEING.
  3446 | D:5      | 3446 ||| FLEEEEING.
  3447 | D:5      | 3447 ||| FLEEEEING.
  3448 | D:5      | 3448 ||| FLEEEEING.
  3449 | D:5      | 3449 ||| FLEEEEING.
  3450 | D:5      | 3450 ||| FLEEEEING.
  3451 | D:5      | 3451 ||| FLEEEEING.
  3452 | D:5      | 3452 ||| FLEEEEING.
  3453 | D:5      | 3453 ||| FLEEEEING.
  3454 | D:5      | 3454 ||| FLEEEEING.
  3457 | D:5      | 3457 ||| STAIRDANCE
  3546 | D:4      | 3546 ||| UPGRADING to +0 pair of gloves.
  3558 | D:5      | 3558 ||| STAIRDANCE
  3664 | D:5      | 3664 ||| STAIRDANCE
  3668 | D:4      | Found a hide-covered altar of Uskayaw.
  3863 | D:5      | HP: 5/44 [gnoll/+0 flail[a gnoll bouda] (8)]
  3864 | D:5      | 3864 ||| READING scroll of teleportation.
  3865 | D:5      | Slain by a gnoll

Levels and vault maps discovered:
D:1:      roderic_dead_forest, layout_basic,
          hellmonk_ecumenical_altar_crossroads
D:2:      minmay_chambers_of_ones, layout_basic
D:3:      layout_rooms, kennysheep_okawaru_gauntlet,
          mainiacjoe_overflow_concentric_impassable, hangedman_decor_riveting
D:4:      layout_loops_ring, nicolae_overflow_hidden_temple
D:5:      layout_rooms

Skill      XL: |  1  2  3  4  5  6 |
---------------+-------------------+-----
Ranged Weapons | 3 4 5 6 |  6.4
Fighting       | 2 3 4 |  4.6
Armour         | 1 |  1.6
Dodging        | |  1.5
Spellcasting   | |  1.0
Hexes          | |  2.6
Invocations    | |  0.9

Action                     |  1- 3 |  4- 6 |  7- 9 || total
---------------------------+-------+-------+-------++-------
   Fire: Sling             |    78 |   237 |    54 ||   369
 Invoke: Heroism           |       |     1 |     1 ||     2
    Use: Scroll            |     4 |     6 |     1 ||    11
         Potion            |       |     2 |       ||     2
 Armour: Robe              |     3 |       |       ||     3
         Leather armour    |     6 |    12 |       ||    18
         Ring mail         |       |    58 |    27 ||    85
  Dodge: Dodged            |    12 |    65 |    33 ||   110

Table legend:
 A = Non-vault XP
 B = Vault XP
 C = Vault XP percentage of total XP
 D = Non-vault monster count
 E = Vault monster count
 F = Vault count percentage of total count
                 A         B        C        D         E       F
            +---------+---------+-------+---------+---------+-------
      Total |     866 |      16 |   1.8 |      76 |       7 |   8.4
            +---------+---------+-------+---------+---------+-------
        D:1 |      51 |       0 |   0.0 |      21 |       0 |   0.0
        D:2 |     149 |      12 |   7.5 |      23 |       5 |  17.9
        D:3 |      57 |       4 |   6.6 |      11 |       2 |  15.4
        D:4 |     323 |       0 |   0.0 |      13 |       0 |   0.0
        D:5 |     286 |       0 |   0.0 |       8 |       0 |   0.0
            +---------+---------+-------+---------+---------+-------
